Map: Blueshift LE

Players

Aelykto - Winner!

  • Race: Zerg Zerg
  • League: Diamond
  • Spawn Location: 7:00

iliketurtles

  • Race: Terran Terran
  • League: Diamond
  • Spawn Location: 1:00

VOD

Have the link to the VOD?

Description

zvt lingbane into hydraviper into broodcorruptor vs marinecyclone into tankplanetary into tankthor

Time

  • Played on: Sept. 7, 2018, 5:31 a.m.
  • Length: 23:53
Show
View Real Time Build Order
Export as new Build Order

Aelykto Zerg - Winner!

Build Orders: Hatch First, Lurkers 

Get SALT Encoding   

  12  0:01  Drone  
  13  0:12  Overlord  
  13  0:17  Drone  
  14  0:33  Drone x2  
  16  0:37  Drone  
  17  0:54  Hatchery  
  17  0:56  Drone  
  17  0:58  Drone  
  18  1:10  Extractor  
  17  1:13  Spawning Pool  
  17  1:15  Drone  
  17  1:18  Drone  
  18  1:29  Drone  
  19  1:39  Overlord  
  19  1:50  Drone  
  20  1:59  Queen  
  20  2:01  Zergling x2  
  23  2:06  Queen  
  23  2:07  Zergling x2  
  26  2:20  Hatchery  
  25  2:24  Drone x2  
  25  2:29  Metabolic Boost  
  27  2:34  Drone  
  27  2:36  Drone  
  28  2:47  Drone x2  
  28  2:48  Drone  
  31  2:55  Queen  
  31  2:58  Drone  
  34  3:02  Overlord  
  34  3:09  Drone  
  34  3:35  Drone  
  34  3:36  Drone x6  
  34  3:38  Queen  
  43  3:46  Zergling x8  
  47  3:48  Drone  
  47  3:49  Drone  
  47  3:54  Overlord  
  49  4:04  Spore Crawler  
  49  4:08  Spore Crawler  
  49  4:09  Drone x3  
  50  4:15  Zergling x12  
  55  4:43  Extractor, Lair  
  55  4:44  Extractor  
  53  4:47  Baneling Nest  
  53  4:48  Drone x2  
  53  4:49  Overlord x2  
  53  4:50  Overlord x2  
  55  4:52  Drone  
  55  4:53  Drone x2  
  54  5:10  Roach Warren  
  54  5:13  Drone x3  
  56  5:14  Drone x3  
  59  5:22  Zergling x2  
  59  5:23  Zergling x14  
  67  5:43  Zergling x18  
  67  5:46  Baneling x7  
  67  5:47  Baneling x2  
  76  5:52  Evolution Chamber  
  76  5:55  Evolution Chamber  
  74  5:59  Overlord x3  
  61  6:13  Drone x9  
  69  6:21  Hydralisk Den, Zerg Melee Weapons Level 1  
  69  6:22  Centrifical Hooks  
  68  6:52  Baneling x2  
  68  6:53  Baneling x5  
  68  6:58  Zerg Ground Armor Level 1  
  68  7:03  Drone x3  
  68  7:04  Extractor, Drone x3  
  68  7:05  Drone  
  68  7:07  Zergling x20  
  83  7:18  Drone x2  
  83  7:19  Drone x3  
  88  7:26  Baneling, Hatchery  
  88  7:27  Baneling x6  
  88  7:28  Baneling x3  
  87  7:41  Zergling x18  
  96  7:46  Drone x4  
  96  7:51  Extractor  
  99  7:52  Extractor  
  99  7:56  Hydralisk x3  
  104  7:58  Overlord x2  
  104  7:59  Overlord x2  
  104  8:04  Pneumatized Carapace  
  104  8:16  Zerg Melee Weapons Level 2  
  104  8:18  Grooved Spines  
  104  8:21  Drone  
  104  8:22  Drone x4  
  104  8:23  Drone  
  110  8:40  Drone  
  110  8:41  Zergling x14  
  113  8:42  Zergling x6  
  113  8:43  Queen  
  122  9:17  Zerg Ground Armor Level 2  
  122  9:19  Extractor, Hydralisk  
  122  9:20  Hydralisk x10  
  122  9:22  Overlord x5, Lurker Den  
  122  9:23  Overlord, Extractor  
  141  9:44  Drone x3  
  141  9:45  Drone x4  
  148  9:46  Overlord x3  
  148  9:51  Baneling x15  
  148  9:52  Baneling x5  
  148  9:53  Baneling  
  148  10:09  Drone x2  
  148  10:10  Drone x3  
  148  10:11  Drone  
  154  10:15  Hydralisk x10  
  174  10:42  Spire  
  173  10:43  Infestation Pit  
  173  10:44  Zerg Missile Weapons Level 1  
  173  10:45  Muscular Augments  
  172  11:18  Lurker x4  
  174  11:19  Lurker x4  
  180  11:39  Overseer  
  180  11:40  Overseer x2  
  180  11:58  Hive  
  180  12:00  Hatchery  
  179  12:03  Zergling x22  
  127  12:53  Zergling x2, Hydralisk x11  
  127  12:54  Hydralisk x10  
  127  12:55  Zergling x42  
  127  12:56  Zergling x16  
  196  13:37  Zerg Missile Weapons Level 2  
  196  13:38  Zerg Ground Armor Level 3  
  168  14:13  Viper x6  
  168  14:14  Viper  
  189  14:32  Greater Spire  
  189  14:40  Extractor  
  189  14:43  Extractor  
  187  14:56  Drone x3  
  190  15:05  Evolution Chamber  
  189  15:08  Evolution Chamber  
  189  15:10  Evolution Chamber  
  189  15:13  Drone x4  
  191  15:43  Corruptor x4  
  120  17:04  Hydralisk x19  
  132  17:21  Queen  
  134  17:35  Drone x13  
  147  17:38  Corruptor x14  
  147  17:39  Corruptor x2  
  147  17:43  Zerg Flyer Weapons Level 1  
  147  17:44  Zerg Missile Weapons Level 3, Zerg Melee Weapons Level 3  
  179  17:47  Drone  
  179  17:48  Drone x5  
  177  18:42  Brood Lord  
  177  18:43  Brood Lord x10  
  199  18:49  Drone  
  200  19:35  Hatchery  
  200  19:37  Zerg Flyer Weapons Level 2  
  199  19:43  Hatchery, Extractor  
  197  19:47  Extractor  
  172  20:20  Corruptor  
  172  20:21  Corruptor x6  
  170  20:46  Hydralisk x8  
  172  20:55  Queen  
  172  20:56  Queen  
  134  21:14  Hydralisk x4  
  134  21:15  Hydralisk x2  
  134  21:17  Brood Lord  
  134  21:18  Brood Lord x6  
  152  21:37  Drone x3  
  152  21:38  Drone x3  
  146  22:07  Extractor  
  137  22:09  Corruptor x8  
  137  22:10  Corruptor x10  
  137  22:11  Extractor  
  154  22:33  Corruptor  
  154  22:34  Corruptor x4  
  138  23:15  Brood Lord x3  
  146  23:22  Zergling x42  
  146  23:23  Zergling x40  
Show
View Real Time Build Order
Export as new Build Order

iliketurtles Terran 

Build Orders: Hellion Opening, Reaper Expand, Bio Tank 

Get SALT Encoding   

  12  0:00  SCV  
  13  0:12  SCV  
  14  0:24  SCV  
  14  0:25  Supply Depot  
  15  0:29  Refinery  
  15  0:47  SCV  
  15  0:49  Barracks  
  16  0:59  SCV  
  17  1:11  SCV  
  18  1:23  SCV  
  19  1:36  Orbital Command  
  19  1:37  Reaper  
  20  1:47  Command Center  
  20  1:59  Factory  
  20  2:02  SCV  
  21  2:15  Barracks Reactor  
  21  2:17  Supply Depot, SCV  
  22  2:31  SCV  
  23  2:50  Refinery  
  23  2:51  Command Center  
  23  3:01  Orbital Command  
  23  3:04  Hellion  
  25  3:08  Hellion  
  25  3:09  Barracks Tech Lab  
  27  3:13  SCV  
  28  3:26  Hellion  
  30  3:30  Hellion  
  31  3:36  Stimpack  
  31  3:38  SCV x2  
  33  3:47  Hellion  
  35  3:51  Hellion  
  37  3:58  Marine  
  38  4:05  Supply Depot  
  38  4:07  Engineering Bay  
  38  4:08  Engineering Bay, SCV x2  
  40  4:17  Marine  
  40  4:19  Cyclone  
  44  4:25  Cyclone  
  47  4:32  Supply Depot  
  47  4:37  SCV x2  
  49  4:44  Barracks  
  49  4:47  Barracks  
  49  5:01  SCV x2  
  49  5:02  Armory  
  49  5:05  Cyclone  
  54  5:08  SCV  
  54  5:13  SCV  
  56  5:15  SCV  
  56  5:16  Refinery  
  56  5:19  Refinery  
  57  5:23  Cyclone  
  57  5:28  SCV x2  
  62  5:33  Supply Depot, Barracks Reactor  
  62  5:37  Marine x2  
  62  5:39  SCV  
  65  5:47  SCV x2  
  65  5:49  Supply Depot  
  67  5:55  Marine x2  
  69  6:11  Marine x2  
  59  6:13  Marine, Hellion x2  
  59  6:16  Planetary Fortress  
  57  6:21  SCV x2  
  57  6:22  Bunker  
  57  6:23  Barracks Reactor  
  58  6:26  Terran Vehicle Weapons Level 1  
  58  6:28  Barracks  
  58  6:29  Marine  
  58  6:31  Terran Infantry Weapons Level 1  
  59  6:33  SCV  
  59  6:34  Terran Infantry Armor Level 1  
  59  6:38  SCV  
  61  6:45  SCV  
  62  6:50  SCV  
  63  6:57  SCV  
  63  6:59  Factory  
  63  7:00  SCV  
  65  7:02  SCV  
  66  7:12  SCV x2  
  68  7:17  Starport  
  68  7:23  Factory x2  
  68  7:24  SCV x2  
  68  7:27  Barracks Tech Lab, SCV  
  68  7:29  Refinery  
  71  7:31  Combat Shield  
  71  7:36  SCV  
  72  7:44  SCV x2  
  74  7:45  Marine x5  
  79  7:54  Factory Tech Lab  
  79  8:04  Siege Tank  
  82  8:10  Barracks Tech Lab  
  82  8:11  Starport Reactor  
  82  8:14  Factory Tech Lab x2  
  82  8:16  Factory  
  82  8:17  Refinery, SCV  
  82  8:18  SCV  
  82  8:19  SCV  
  85  8:22  Siege Tank  
  88  8:37  Siege Tank  
  88  8:40  Bunker  
  91  8:41  Bunker  
  91  8:52  Marine x2  
  93  9:03  Supply Depot  
  93  9:06  Siege Tank x3, Marine x2  
  93  9:08  Supply Depot x2  
  93  9:09  Siege Tank  
  107  9:24  Bunker, SCV  
  107  9:25  SCV  
  109  9:36  Command Center  
  109  9:37  Command Center  
  109  9:38  Siege Tank x2  
  115  9:40  SCV x3  
  115  9:43  Concussive Shells  
  118  9:50  Bunker  
  118  9:55  SCV x2  
  118  9:57  Bunker  
  120  10:22  Terran Vehicle Weapons Level 2  
  120  10:24  Supply Depot  
  120  10:26  Factory Tech Lab  
  120  10:27  Armory  
  120  10:28  Siege Tank x2, Supply Depot  
  126  10:30  Supply Depot  
  126  10:32  Supply Depot  
  126  10:37  SCV x2  
  128  10:43  Liberator  
  128  10:44  Liberator  
  128  10:46  Supply Depot  
  128  10:51  Supply Depot  
  128  10:52  Supply Depot, Marine x3  
  128  10:53  Marine x2  
  139  11:06  Starport  
  139  11:08  Fusion Core  
  139  11:14  SCV x2  
  139  11:15  SCV  
  142  11:26  Bunker, Liberator  
  142  11:27  Bunker x2  
  142  11:29  Bunker  
  142  11:30  Bunker  
  142  11:31  Bunker  
  142  11:35  Bunker  
  142  11:39  Sensor Tower  
  145  11:48  Refinery  
  145  11:50  Starport Tech Lab  
  145  11:51  Siege Tank x2  
  145  11:52  Refinery  
  151  11:55  Terran Vehicle And Ship Armor Level 1  
  151  11:56  Starport  
  151  12:03  Planetary Fortress x2  
  151  12:07  SCV x2  
  153  12:12  Marine x2  
  153  12:13  Marine x4  
  159  12:23  Liberator x3  
  149  12:30  Liberator x2  
  149  12:34  Marine x6  
  134  12:41  Advanced Ballistics  
  137  12:51  Marine  
  137  12:52  Marine x5  
  143  13:02  Siege Tank x3  
  152  13:09  Marine  
  153  13:14  Bunker  
  153  13:15  Bunker  
  153  13:17  Bunker  
  153  13:21  Marine x2  
  153  13:22  Marine x3  
  149  14:08  Raven  
  149  14:09  Marine x2  
  149  14:10  Marine x4  
  149  14:17  Bunker  
  154  14:27  Marine x3  
  154  14:28  Marine  
  158  14:35  Thor x4  
  158  14:36  Thor  
  188  14:39  Marauder x2  
  188  14:44  Engineering Bay x2  
  188  14:45  Marine  
  193  14:49  Bunker  
  193  14:53  Command Center  
  193  14:54  Command Center  
  193  14:59  Marine x3  
  195  15:00  Marauder, Marine  
  198  15:46  Terran Vehicle Weapons Level 3, Terran Ship Weapons Level 1  
  198  15:53  Bunker  
  198  16:00  Terran Infantry Armor Level 2, Terran Infantry Weapons Level 2  
  198  16:26  Unknown x2  
  198  16:32  Unknown x5  
  165  17:02  Hellbat  
  165  17:03  Marine x5, Hellbat x3  
  159  17:15  Raven  
  153  17:17  Thor  
  153  17:20  Viking x2  
  153  17:21  Viking  
  163  17:23  Thor x2  
  163  17:24  Thor  
  174  17:48  Bunker  
  174  17:49  Bunker  
  174  17:51  Bunker  
  174  17:58  Raven  
  174  18:00  Siege Tank x2  
  174  18:04  Planetary Fortress  
  182  18:06  Siege Tank  
  185  18:13  Refinery  
  182  18:32  Viking  
  182  18:33  Viking x3  
  190  18:36  Terran Ship Weapons Level 2  
  190  18:37  Terran Vehicle And Ship Armor Level 2  
  190  18:41  Viking  
  190  18:45  Refinery, SCV x4  
  196  19:02  Viking  
  196  19:03  Viking  
  196  19:04  Bunker  
  196  19:07  Bunker  
  196  19:08  Bunker  
  194  19:21  Siege Tank x2  
  185  20:07  Thor x2, Marine x4  
  161  20:08  Marine x2  
  167  20:18  Siege Tank x3  
  158  20:25  Marine x4  
  144  20:38  Marine x2, Viking x3  
  140  20:43  Marine x3  
  123  21:01  Liberator  
  123  21:02  Liberator  
  91  21:17  Siege Tank x3, Marine  
  91  21:18  Marine x5  
  104  21:28  Viking  
  106  21:35  Marine  
  103  21:40  Marine  
  103  21:41  Marine x2  
  81  21:57  Marine x2  
  81  21:58  Marine x2, Viking  
  81  21:59  Thor x4, Marine  
  107  22:01  Viking  
  107  22:02  Viking  
  96  22:14  Marine  
  79  22:28  Marine x2, Viking  
  79  22:29  Thor, Marine  
  90  22:32  Marine  
  89  22:38  Command Center  
  89  22:40  Command Center  
  86  22:46  Command Center  
  83  22:55  Thor x2  
  80  23:05  Command Center  
  80  23:08  Thor x2  
Tags
 
Add a new tag
Caveats
  • Supply blocks, unpowered buildings, or Contaminate may cause inaccurate times.
  • Supply counts are checked every 10 seconds.